 Dungeon Crawl Stone Soup version 0.23.2-1-ga50397a6bc (webtiles) character file.

Game seed: 1994121019925822102

192 Mithandil the Ducker (level 5, 46/46 HPs)
             Began as a Minotaur Gladiator on May 26, 2019.
             Was an Initiate of Trog.
             Quit the game on level 3 of the Dungeon.
             The game lasted 00:29:41 (2190 turns).

Mithandil the Ducker (Minotaur Gladiator)           Turns: 2190, Time: 00:29:41

Health: 46/46      AC: 13    Str: 19    XL:     5   Next: 42%
Magic:  4/4        EV:  4    Int:  5    God:    Trog [......]
Gold:   164        SH:  7    Dex: 12    Spells: 4/4 levels left

rFire    . . .     SeeInvis .   z - +0 spear
rCold    . . .     Gourm    .   A - +0 shield
rNeg     . . .     Faith    .   q - +0 plate armour
rPois    .         Spirit   .   c - +0 hat
rElec    .         Reflect  .   (no cloak)
rCorr    .         Harm     .   y - +1 pair of gloves
MR       .....                  (no boots)
Stlth    ..........             (no amulet)
HPRegen  0.15/turn              (no ring)
MPRegen  0.09/turn              (no ring)

@: no status effects
A: retaliatory headbutt, horns 2
a: Renounce Religion


You were on level 3 of the Dungeon.
You worshipped Trog.
Trog was noncommittal.
You were not hungry.

You visited 1 branch of the dungeon, and saw 4 of its levels.

You collected 164 gold pieces.

Inventory:

Hand Weapons
 a - a +0 long sword
 b - a +0 spear
 s - a +0 hunting sling
 z - a +0 spear (weapon)
Missiles
 d - 3 throwing nets (quivered)
 k - 20 poisoned needles
 o - 53 sling bullets
 p - 51 stones
 v - 18 bolts
 w - 8 arrows
Armour
 c - a +0 hat (worn)
 q - a +0 plate armour (worn)
 u - a +0 plate armour
 y - a +1 pair of gloves (worn)
 A - a +0 shield (worn)
Scrolls
 i - 2 scrolls of amnesia {unknown}
 j - 4 scrolls of remove curse {unknown}
 l - a scroll of teleportation {unknown}
 m - a scroll of fear {unknown}
 n - a scroll of fog {unknown}
 r - a scroll of random uselessness {unknown}
 x - a scroll of noise {unknown}
Potions
 e - 2 potions of flight {unknown}
 g - a potion of degeneration {unknown}
 t - 2 potions of might {unknown}
Comestibles
 f - 7 rations


   Skills:
 + Level 4.1 Fighting
 - Level 4.2 Long Blades
 + Level 2.5 Polearms
 - Level 2.0 Throwing
 + Level 2.2 Armour
 + Level 4.4 Dodging
 + Level 0.1 Shields


You had 4 spell levels left.
You didn't know any spells.
Your spell library contained the following spells:

 Spells                   Type           Power        Failure   Level  Hunger
 Beastly Appendage        Tmut           #.....       100%        1    ##.....
 Corona                   Hex            #......      100%        1    ##.....
 Ensorcelled Hibernation  Hex/Ice        #.....       100%        2    ###....
 Sticks to Snakes         Tmut           #.......     100%        2    ###....
 Confuse                  Hex            #.......     100%        3    ####...
 Dazzling Spray           Conj/Hex       #.....       100%        3    ####...
 Spider Form              Tmut/Pois      #.........   100%        3    ####...
 Tukima's Dance           Hex            #.......     100%        3    ####...
 Ice Form                 Ice/Tmut       #.......     100%        4    #####..
 Blade Hands              Tmut           #.........   100%        5    ######.


Dungeon Overview and Level Annotations

Branches:
Dungeon (4/15)
 Temple: D:4-7

Altars:
Qazlal
Trog
Uskayaw

Annotations:
D:4 Sigmund


Innate Abilities, Weirdness & Mutations

You reflexively headbutt those who attack you in melee.
You have a pair of horns on your head.


Message History

Trog accepts your kill.
You closely miss the orc. You headbutt the orc.
You kill the orc!
Trog accepts your kill.
Attack whom?
Press: ? - help, Dir - move target cursor, f - orc
Aim: an orc, wielding a +0 flail and wearing a +0 chain mail You reach to attack!
You hit the orc.
The orc is lightly wounded.
You block the orc's attack.
You hit the orc but do no damage. You headbutt the orc.
You kill the orc!
Trog accepts your kill.
Things that are here:
a +0 flail; a +0 chain mail; a +0 dagger You open the door.
There is an open door here.
Your movement speed is average.
Your attack speed is average (and is slowed by your insufficient shield skill).
Are you sure you want to abandon this character and quit the game? (Confirm with "yes".)

#.#.######.#.#.#
##.#........#...#
.#.################
.#................#
.#..############.##
....# #.# ##..# #.#
....# #.# ##...#
#@# ###.# #.# .#
#.# .# #.# .# #.#
#.# #.# #.#


There were no monsters in sight!

Vanquished Creatures
  Terence (D:3)
  2 iguanas
  5 adders
  3 worms
  3 dart slugs (D:1)
  2 leopard geckos (D:1)
  4 orcs (D:3)
  A ball python (D:3)
  4 bats
  4 goblins
  6 hobgoblins
  2 jackals (D:3)
  2 frilled lizards (D:2)
  8 kobolds
  7 rats
54 creatures vanquished.

Notes
Turn   | Place    | Note
-------+----------+-------------------------------------------
     0 | D:1      | Mithandil the Minotaur Gladiator began the quest for the
                  | Orb.
     0 | D:1      | Reached XP level 1. HP: 18/18 MP: 0/0
   105 | D:1      | You fall through a shaft!
   127 | D:2      | Reached XP level 2. HP: 24/25 MP: 1/1
   223 | D:1      | Reached skill level 1 in Polearms
   268 | D:1      | Reached XP level 3. HP: 27/31 MP: 2/2
  1363 | D:2      | Reached skill level 1 in Armour
  1363 | D:2      | Reached XP level 4. HP: 20/38 MP: 3/3
  1533 | D:2      | Found a bloodstained altar of Trog.
  1534 | D:2      | Found a hide-covered altar of Uskayaw.
  1541 | D:2      | Became a worshipper of Trog the Wrathful
  1858 | D:3      | Reached XP level 5. HP: 36/46 MP: 4/4
  1902 | D:3      | Found a stormy altar of Qazlal.
  1903 | D:3      | Noticed an air elemental
  1904 | D:3      | Noticed a water elemental
  1905 | D:3      | Noticed a fire elemental
  1920 | D:3      | Noticed Terence
  1955 | D:3      | Killed Terence
  2000 | D:4      | Noticed Sigmund
  2190 | D:3      | Quit the game

Skill      XL: |  1  2  3  4  5 |
---------------+----------------+-----
Fighting       | 3 4 |  4.1
Long Blades    | 4 |  4.2
Polearms       | 1 2 |  2.5
Armour         | 1 2 |  2.2
Dodging        | 4 |  4.4
Throwing       | |  2.0
Shields        | |  0.1

Action                   |  1- 3 |  4- 6 || total
-------------------------+-------+-------++-------
Melee: Long sword        |     7 |       ||     7
       Spear             |    78 |    95 ||   173
       Headbutt          |    13 |    11 ||    24
  Eat: Chunk             |     1 |     3 ||     4
Armor: Chain mail        |    13 |       ||    13
       Leather armour    |     1 |       ||     1
       Plate armour      |    22 |    39 ||    61
Dodge: Dodged            |    26 |    25 ||    51
Block: Shield            |       |     1 ||     1
       Rpst.: Long sword |     1 |       ||     1
